Map: Ever Dream LE

Players

Rex

  • Race: Zerg Zerg
  • League: Master
  • Spawn Location: 7:00

Has - Winner!

  • Race: Protoss Protoss
  • Spawn Location: 1:00

Event: DreamHack SC2 Masters 2020 Fall

VOD

Have the link to the VOD?

Description

Time

  • Played on: Aug. 26, 2020, 8:44 a.m.
  • Length: 10:52

All games in this series

Show
View Real Time Build Order
Export as new Build Order

Rex Zerg 

Build Orders: Hatch First 

Get SALT Encoding   

  12  0:00  Drone  
  13  0:12  Overlord  
  13  0:16  Drone  
  14  0:30  Drone x2  
  16  0:47  Hatchery  
  15  0:51  Drone  
  15  0:54  Drone  
  17  0:58  Drone  
  18  1:07  Extractor  
  17  1:13  Spawning Pool  
  17  1:17  Drone  
  17  1:20  Drone  
  18  1:29  Drone  
  19  1:40  Drone  
  19  1:46  Hatchery  
  19  1:50  Drone  
  20  2:00  Queen  
  22  2:02  Drone  
  23  2:10  Queen  
  23  2:13  Drone  
  26  2:18  Overlord  
  26  2:26  Drone x2  
  28  2:38  Queen  
  28  2:41  Drone  
  28  2:42  Drone x2  
  28  2:43  Drone  
  34  2:45  Drone  
  35  2:55  Drone  
  35  2:58  Queen, Metabolic Boost  
  36  3:02  Overlord  
  38  3:07  Drone  
  38  3:08  Drone  
  40  3:14  Drone  
  40  3:15  Drone  
  42  3:24  Drone  
  42  3:25  Drone x5  
  42  3:26  Drone  
  49  3:34  Roach Warren  
  49  3:37  Overlord x2  
  49  3:39  Overlord  
  48  3:42  Extractor  
  47  3:57  Drone  
  47  3:58  Drone x6  
  47  4:00  Overlord  
  54  4:04  Lair  
  54  4:05  Extractor  
  53  4:13  Roach x3  
  53  4:15  Roach, Zergling x8  
  65  4:20  Overlord  
  65  4:22  Queen  
  67  4:27  Overlord  
  67  4:28  Spine Crawler  
  66  4:34  Roach x3  
  72  4:44  Roach x4  
  80  4:50  Overlord x2  
  80  4:58  Ravager  
  80  4:59  Zergling x12  
  87  5:03  Overlord  
  87  5:05  Zergling x4  
  87  5:06  Ravager  
  90  5:14  Zergling x10  
  93  5:16  Glial Reconstitution  
  91  5:27  Ravager, Zergling x12  
  98  5:33  Zergling x2  
  98  5:34  Zergling x10  
  99  5:48  Roach x6  
  108  5:56  Roach x2  
  112  5:58  Overlord  
  112  5:59  Ravager  
  110  6:11  Zergling x6  
  113  6:18  Zergling x2  
  113  6:19  Zergling x4  
  109  6:27  Zergling x10  
  109  6:31  Zergling x2  
  96  6:36  Roach x5  
  98  6:44  Roach x4, Ravager  
  103  6:51  Roach x2  
  103  6:53  Roach x2  
  103  6:54  Roach  
  110  6:58  Roach  
  105  7:03  Roach x3  
  105  7:05  Zergling x12  
  104  7:17  Zergling x6  
  103  7:23  Queen x2  
  103  7:29  Ravager x2  
  109  7:30  Roach x2, Zergling x2  
  109  7:31  Overlord x2  
  109  7:40  Roach x3  
  109  7:45  Overseer  
  109  7:47  Roach  
  107  7:55  Ravager  
  107  7:58  Hatchery  
  107  8:00  Zergling x8  
  110  8:10  Zergling x10  
  113  8:24  Roach x2  
  111  8:35  Roach x6  
  123  8:41  Extractor  
  123  8:44  Evolution Chamber  
  117  8:52  Roach x3  
  123  8:56  Ravager  
  123  8:58  Zergling x4  
  123  9:04  Zergling x2  
  123  9:05  Ravager  
  123  9:07  Overlord x2  
  124  9:13  Roach x4  
  130  9:20  Drone x4  
  128  9:26  Zergling x2  
  128  9:30  Ravager  
  129  9:31  Ravager  
  129  9:32  Zergling x6  
  129  9:38  Roach, Zergling x6  
  129  9:42  Ravager  
  129  9:44  Zergling x2  
  129  9:45  Zergling x4  
  135  9:51  Zergling x6  
  134  9:53  Overlord  
  134  9:55  Overseer  
  134  9:57  Ravager  
  131  10:01  Roach x2  
  131  10:06  Roach x2  
  122  10:08  Ravager  
  122  10:13  Roach x3  
  121  10:20  Roach x2  
  114  10:28  Roach x4  
Show
View Real Time Build Order
Export as new Build Order

Has Protoss - Winner!

Build Orders: 1 Gate Expand, Blink Stalkers 

Get SALT Encoding   

  12  0:00  Probe  
  13  0:12  Probe  
  14  0:17  Pylon  
  14  0:24  Probe (Chrono Boost)  
  14  0:28  Assimilator  
  15  0:36  Probe (Chrono Boost)  
  16  0:42  Probe  
  16  0:45  Gateway  
  17  0:55  Probe  
  18  1:07  Probe  
  19  1:19  Nexus  
  19  1:22  Probe  
  20  1:32  Cybernetics Core  
  20  1:35  Probe  
  21  1:41  Assimilator  
  21  1:47  Probe  
  21  1:51  Pylon  
  22  1:59  Probe (Chrono Boost)  
  23  2:08  Stalker (Chrono Boost)  
  23  2:09  Warp Gate  
  23  2:11  Probe (Chrono Boost)  
  26  2:20  Probe (Chrono Boost)  
  27  2:23  Twilight Council  
  27  2:26  Probe  
  28  2:31  Probe (Chrono Boost)  
  28  2:34  Stalker  
  31  2:43  Probe (Chrono Boost)  
  33  2:44  Probe (Chrono Boost)  
  33  2:49  Probe (Chrono Boost)  
  34  2:55  Gateway  
  35  3:00  Probe x2  
  35  3:04  Robotics Facility  
  36  3:09  Blink (Chrono Boost)  
  36  3:12  Probe  
  37  3:14  Probe  
  38  3:23  Gateway  
  38  3:24  Probe (Chrono Boost)  
  38  3:26  Probe (Chrono Boost)  
  40  3:30  Gateway  
  40  3:40  Gateway  
  42  3:42  Probe x2 (Chrono Boost)  
  42  3:45  Gateway  
  43  3:49  Probe (Chrono Boost)  
  43  3:51  Observer (Chrono Boost)  
  43  3:55  Pylon  
  44  3:57  Assimilator  
  44  4:04  Warp Prism (Chrono Boost)  
  46  4:13  Pylon  
  46  4:15  Stalker x2  
  50  4:17  Probe x2  
  50  4:20  Pylon  
  52  4:31  Pylon  
  52  4:46  Observer  
  52  4:49  Stalker x6  
  64  5:05  Pylon  
  64  5:09  Stalker  
  66  5:22  Stalker x4  
  66  5:23  Stalker  
  66  5:27  Stalker  
  66  5:28  Pylon  
  74  5:50  Stalker x5  
  74  5:53  Zealot  
  74  5:56  Pylon  
  84  6:13  Stalker x3  
  84  6:14  Zealot x2  
  84  6:16  Stalker  
  84  6:34  Stalker x2  
  84  6:38  Stalker  
  82  6:40  Zealot x3  
  84  6:56  Probe x2  
  84  6:57  Stalker x2  
  90  7:02  Stalker x2  
  92  7:13  Probe  
  75  7:25  Assimilator, Stalker x2  
  75  7:26  Zealot x2, Stalker x2  
  77  7:48  Stalker x3  
  77  7:49  Stalker  
  77  7:50  Probe  
  77  7:51  Probe  
  85  8:00  Forge  
  85  8:05  Stalker x2  
  87  8:07  Probe  
  87  8:09  Pylon  
  88  8:18  Stalker x4  
  96  8:29  Protoss Ground Weapons Level 1 (Chrono Boost)  
  94  8:34  Stalker x2  
  96  8:51  Stalker x3  
  100  9:10  Pylon  
  100  9:12  Pylon  
  98  9:27  Stalker x6  
  110  9:32  Pylon  
  110  9:51  Stalker x6  
  122  9:56  Pylon  
  119  10:20  Stalker x6  

Tags
 
Add a new tag
Caveats
  • Supply blocks, unpowered buildings, or Contaminate may cause inaccurate times.
  • Supply counts are checked every 10 seconds.